 Dungeon Crawl Stone Soup version 0.16-a0-282-ga87e286 (webtiles) character file.

130 Kashira the Shooter (level 4, 0/35 HPs)
             Began as a Centaur Hunter on Aug 27, 2014.
             Succumbed to an adder's poison
             ... on Level 1 of the Dungeon.
             The game lasted 00:16:10 (2049 turns).

Kashira the Shooter (Centaur Hunter)                Turns: 2049, Time: 00:16:10

HP   0/35        AC  8     Str 14      XL: 4   Next: 90%
MP   3/3         EV 15     Int 10      God:
Gold 114         SH  0     Dex 16      Spells:  0 memorised,  3 levels left

rFire  . . .     SeeInvis .     b - +2 shortbow
rCold  + . .     Clarity  .     i - +0 robe (curse)
rNeg   . . .     rCorr    .     (no shield)
rPois  .         rRot     .     (no helmet)
rElec  .         Spirit   .     (no cloak)
SustAb .         Warding  .     (no gloves)
rMut   .         Stasis   .     (no barding)
Gourm  .                        (no amulet)
MR     .....                    (no ring)
                                (no ring)

@: agile, lethally poisoned, very quick, not resistant to hostile enchantments,
unstealthy
A: hooves 3, iridescent scales 1, cold resistance 1, deformed body, speed 2,
tough skin 3, forlorn
a: no special abilities


You were on level 1 of the Dungeon.
You were not hungry.

You visited 1 branch of the dungeon, and saw 2 of its levels.

You collected 114 gold pieces.

Inventory:

Hand weapons
 a - a +0 short sword
 b - a +2 shortbow (weapon)
Missiles
 c - 54 arrows (quivered)
 e - 68 stones
 j - 23 sling bullets of frost
 m - 2 tomahawks of dispersal
Armour
 d - a +0 leather armour
 i - a cursed +0 robe (worn)
Comestibles
 f - a bread ration
Scrolls
 k - a scroll of identify


   Skills:
 + Level 1.4 Fighting
 + Level 0.6 Short Blades
 + Level 7.4 Bows
 + Level 0.2 Armour
 + Level 1.8 Dodging
 + Level 0.9 Stealth


You had 3 spell levels left.
You didn't know any spells.

Dungeon Overview and Level Annotations

Branches:
Dungeon (2/15)

Altars:
Qazlal
Vehumet
Yredelemnul


Innate Abilities, Weirdness & Mutations

You have hooves in place of feet.
Armour fits poorly on your strangely shaped body.
You cover ground very quickly.
You have extremely tough skin (AC +3).
You are partially covered in iridescent scales (AC +4).
Your flesh is cold resistant.
You have difficulty communicating with the divine.


Message History

There is a stone staircase leading up here.
You climb upwards.
* * * LOW HITPOINT WARNING * * *
You feel sick.
There is a stone staircase leading down here.
Drink which item? (? for menu, Esc to quit)
You feel extremely strange.
Iridescent scales grow over part of your body.
You feel forlorn.
You feel resistant to cold.
It was a potion of mutation.
Drink which item? (? for menu, Esc to quit)
You feel agile all of a sudden.
It was a potion of agility.
You aren't carrying any potions.
* * * LOW HITPOINT WARNING * * *
You feel sick.
There is a lethal amount of poison in your body!
Unknown command.
There is a lethal amount of poison in your body!
You die...

**,** ##.##
**,,,***#####...########
*,,,,,,................#*####
**,,,***####.....##......,..#
**,** #.........#.#**#.# *,###
###.#.#####,*###.##### *,..#
#.#.# *,*#.......# **#.#
##+#.#####.##.#.###.# #.#
##...@..>...##.#.###.# ##.#
##....)########.#..##.# ##..#
##.......## ##..##.##.#
###...####.........####...##.##.#
.........+.........'............#
#........#.........####...##.####
#.##..##.##.......## ##.##..#
#.###.##.###.....## ####.##
#).,..##)# ##...## #.#


There were no monsters in sight!

Vanquished Creatures
  7 adders (D:2)
  A giant mite (D:2)
  3 worms (D:2)
  A giant gecko (D:2)
  2 ball pythons (D:2)
  2 giant cockroaches (D:2)
  4 goblins
  5 hobgoblins
  4 jackals (D:2)
  4 kobolds
  2 bats (D:1)
  2 giant newts
  A quokka (D:2)
  5 rats
43 creatures vanquished.

Notes
Turn   | Place    | Note
--------------------------------------------------------------
     0 | D:1      | Kashira, the Centaur Hunter, began the quest for the Orb.
     0 | D:1      | Reached XP level 1. HP: 16/16 MP: 1/1
   387 | D:1      | Reached XP level 2. HP: 23/23 MP: 2/2
   627 | D:2      | Reached skill level 6 in Bows
   765 | D:2      | Found a radiant altar of Vehumet.
   770 | D:2      | Found a basalt altar of Yredelemnul.
   779 | D:2      | Reached XP level 3. HP: 28/28 MP: 3/3
   905 | D:2      | Found a stormy altar of Qazlal.
  1294 | D:2      | Reached skill level 7 in Bows
  1294 | D:2      | Reached XP level 4. HP: 35/35 MP: 3/3
  2040 | D:1      | HP: 1/35 [poisoned by an adder]
  2041 | D:1      | Gained mutation: You are partially covered in iridescent scales (AC +4). [potion of mutation]
  2041 | D:1      | Gained mutation: You have difficulty communicating with the divine. [potion of mutation]
  2041 | D:1      | Gained mutation: Your flesh is cold resistant. [potion of mutation]
  2049 | D:1      | Succumbed to an adder's poison

Action                   |  1- 3 |  4- 6 || total
-------------------------+-------+-------++-------
Melee: Short sword       |    32 |    37 ||    69
 Fire: Shortbow          |    50 |    36 ||    86
Throw: Stone             |       |     1 ||     1
  Use: Scroll            |     7 |       ||     7
       Potion            |       |     2 ||     2
  Eat: Bread ration      |       |     1 ||     1
